Cogmind - Beta 14 @@@ ROGUE MODE // 2024.12.05 @ 18:48:52 Player: mehbruh Result: Destroyed by G-47 Trooper with Particle Gun Performance ------------- Evolutions (2) 1000 Regions Visited (5) 1000 Robots Destroyed (32) 160 Value Destroyed (683) 683 Prototype IDs (27) 540 Alien Tech Used (0) 0 Bonus (300) 300 TOTAL SCORE: 3683 Bonus ------- Aligned with FarCom 300 Cogmind --------- Core Integrity 0/550 Matter 202/300 Energy 100/100 System Corruption 12% Temperature Cool (18) Movement Core (700) Ox13 Location -8/Materials Parts ------- > --- POWER (1) -------- (None) > --- PROPULSION (3) --- (None) > --- UTILITY (4) ------ High-capacity Storage Unit Advanced Visual Processing Unit > --- WEAPON (3) ------- (None) > --- INVENTORY (20) --- Deuterium Engine Light Treads Compact Wheel EM Pulse Gun EM Pulse Gun EM Pulse Gun EM Pulse Gun YOLO Cannon Light Assault Rifle Light Assault Rifle Light Assault Rifle Peak State ------------ > --- POWER ------------ Deuterium Engine > --- PROPULSION ------- Light Treads Light Treads Light Treads > --- UTILITY ---------- Heat Sink High-capacity Storage Unit Advanced Visual Processing Unit Medium Armor Plating > --- WEAPON ----------- EM Pulse Gun EM Pulse Gun EM Pulse Gun > --- INVENTORY -------- Ion Engine Light Ion Engine Compact Wheel EM Pulse Gun EM Pulse Gun EM Pulse Gun EM Pulse Gun YOLO Cannon Light Assault Rifle Light Assault Rifle Light Assault Rifle Grenade Launcher [Rating: 19] Favorites ----------- Power Light Ion Engine Engine Light Ion Engine Propulsion Light Treads Treads Light Treads Utility Heat Sink Device Heat Sink Storage Large Storage Unit Processor Advanced Visual Processing Unit Protection Medium Armor Plating Weapon EM Pulse Gun Energy Gun EM Pulse Gun Ballistic Gun Assault Rifle Launcher Grenade Launcher Build | -11 -10 -10 -10 -9 -8 ------- Run | Yrd Mat Min Exi Min Mat Slots Evolved 4 | . . . . . 4 Power . | . . . . . . Propulsion 1 | . . . . . 1 Utility 2 | . . . . . 2 Weapon 1 | . . . . . 1 Parts Attached 34 | 6 10 . . 2 16 Power 5 | 1 1 . . 1 2 Engine 5 | 1 1 . . 1 2 Core . | . . . . . . Reactor . | . . . . . . Propulsion 7 | 2 3 . . . 2 Treads 7 | 2 3 . . . 2 Leg . | . . . . . . Wheel . | . . . . . . Hover . | . . . . . . Flight . | . . . . . . Utility 7 | 1 2 . . 1 3 Device 2 | . 1 . . 1 . Storage 3 | 1 1 . . . 1 Processor 1 | . . . . . 1 Hackware . | . . . . . . Protection 1 | . . . . . 1 Artifact . | . . . . . . Weapon 15 | 2 4 . . . 9 Energy Gun 8 | 1 2 . . . 5 Energy Cannon . | . . . . . . Ballistic Gun 6 | 1 2 . . . 3 Ballistic Cannon . | . . . . . . Launcher 1 | . . . . . 1 Special Weapon . | . . . . . . Impact Weapon . | . . . . . . Slashing Weapon . | . . . . . . Piercing Weapon . | . . . . . . Special Melee Weapon . | . . . . . . Unidentified Prototypes . | . . . . . . Parts Lost 12 | . 1 . . 1 10 Power 1 | . . . . . 1 Propulsion 3 | . . . . . 3 Utility 3 | . . . . 1 2 Weapon 5 | . 1 . . . 4 Highest Loss Streak 8 | . 1 . . 1 8 To Critical Strikes . | . . . . . . Average Slot Usage (%) 96 | . 96 100 100 98 88 Engine 13 | . 14 14 14 14 8 Treads 27 | . 28 28 28 28 23 Device 10 | . 10 14 14 12 8 Storage 13 | . 14 14 14 14 9 Processor 1 | . . . . . 8 Energy Gun 21 | . 19 28 28 28 17 Ballistic Gun 5 | . 8 . . . 4 Peak Build Rating 19 | 6 8 8 10 10 19 Average Rating 8 | 4 7 8 8 9 15 On Entrance 7 | . 6 8 8 10 10 Naked Turns . | . . . . . . Heaviest Build 60 | 10 28 28 28 30 60 Greatest Support 60 | 40 40 40 40 40 60 Greatest Overweight (x) 13 | . . . . . 13 Average Overweight (x) . | . . . . . . Largest Inventory Capacity 20 | 8 15 15 15 15 20 Average Capacity 14 | 7 13 15 15 15 20 Most Carried 15 | 5 15 14 15 15 14 Average Carried 10 | 2 8 13 13 15 12 Final Capacity 20 | 8 15 15 15 15 20 Final Carried 15 | 3 13 14 15 15 12 Class Distribution -------------------- 85% | Mutant 5% | Skirmisher 4% | Scavenger-Mutant 4% | Scavenger-Skirmisher Dominant Class ---------------- Mutant | -10/Materials Mutant | -10/Mines Mutant | -10/Exiles Mutant | -9/Mines Skirmisher | -8/Materials Resources | -11 -10 -10 -10 -9 -8 ----------- Run | Yrd Mat Min Exi Min Mat Matter Collected 607 | 231 227 . . 39 110 Remotely . | . . . . . . Salvage Created 1090 | . 477 . . 156 457 Parts 64 | . 31 . . 5 28 Haulers Intercepted 5 | . 2 . . . 3 Recyclers Shooed 1 | . 1 . . . . Parts Field Recycled . | . . . . . . Retrieved Matter . | . . . . . . Parts Self-Destructed . | . . . . . . Prevented . | . . . . . . Kills | -11 -10 -10 -10 -9 -8 ------- Run | Yrd Mat Min Exi Min Mat Combat Hostiles Destroyed 23 | . 13 . . 3 7 Guns 20 | . 13 . . 3 4 AOE 3 | . . . . . 3 Classes Destroyed 8 | . 4 . . 1 3 Builder 2 | . . . . . 2 Tunneler 1 | . 1 . . . . Hauler 5 | . 2 . . . 3 Watcher 1 | . . . . . 1 Swarmer 9 | . 6 . . . 3 Grunt 12 | . 7 . . 2 3 Brawler 1 | . . . . 1 . Sentry 1 | . . . . . 1 Best Kill Streak 6 | . 3 . . 3 6 Combat Bots Only 4 | . 3 . . 3 4 Max Kills in Single Turn 2 | . 2 . . 1 2 Gunslinging 1 | . 1 . . . . Exploded 1 | . . . . . 1 Melee . | . . . . . . Uniques/NPCs Destroyed . | . . . . . . Combat | -11 -10 -10 -10 -9 -8 -------- Run | Yrd Mat Min Exi Min Mat Hostile Shots Fired 185 | . 60 . . 13 112 Missed 53 | . 15 . . 7 31 Damage Taken 1893 | . 461 . . 81 1351 Core 627 | . 35 . . 28 564 Absorbed by Shields . | . . . . . . Core Remaining (%) 87 | 100 . . . 74 . Volleys Fired 86 | . 45 . . 9 32 Largest 3 | . 2 . . 2 3 Hottest 120 | . 60 . . 80 120 Shots Fired 191 | . 90 . . 18 83 Gun 187 | . 90 . . 18 79 Cannon . | . . . . . . Launcher 4 | . . . . . 4 Special . | . . . . . . Kinetic 87 | . 45 . . . 42 Thermal 45 | . 45 . . . . Explosive 4 | . . . . . 4 Electromagnetic 55 | . . . . 18 37 Robot Hit Streak 11 | . 11 . . 10 10 Robot Miss Streak 3 | . 2 . . 1 3 Penetration Max . | . . . . . . Secondary Targets 5 | . 4 . . 1 . Max Gunslinging Chain 1 | . 1 . . 1 . Shots Hit Robots 126 | . 62 . . 12 52 Core Hits 57 | . 26 . . 4 27 Critical Kills . | . . . . . . Critical Parts Destroyed . | . . . . . . Critical Strikes 4 | . . . . 3 1 Corrupt 4 | . . . . 3 1 Melee Attacks . | . . . . . . Impact . | . . . . . . Slashing . | . . . . . . Piercing . | . . . . . . Sneak Attacks . | . . . . . . Combat Hostiles . | . . . . . . Follow-up Attacks . | . . . . . . Damage Inflicted 1829 | . 749 . . 143 937 Guns 1401 | . 697 . . 143 561 Cannons . | . . . . . . Explosions 317 | . . . . . 317 Melee . | . . . . . . Ramming 111 | . 52 . . . 59 Kinetic 601 | . 348 . . . 253 Thermal 393 | . 349 . . . 44 Explosive 273 | . . . . . 273 Electromagnetic 451 | . . . . 143 308 Impact . | . . . . . . Slashing . | . . . . . . Piercing . | . . . . . . Highest Corruption 12 | . . . . 5 12 Average Corruption 6 | . . . . 5 9 Corruption Purged . | . . . . . . Corruption Blocked . | . . . . . . Effects 10 | . . . . 6 4 Message Errors 2 | . . . . 1 1 Matter Fused 4 | . . . . 2 2 Heat Flow Errors 1 | . . . . . 1 Energy Discharges 1 | . . . . 1 . Data Loss (minor) 2 | . . . . 2 . Overload Shots . | . . . . . . Overflow Damage 60 | . . . . . 60 Projectiles . | . . . . . . Explosions 60 | . . . . . 60 Melee . | . . . . . . Knockbacks . | . . . . . . Impact . | . . . . . . Kinetic . | . . . . . . Secondary . | . . . . . . Self-Inflicted Damage 107 | . . . . . 107 Shots 2 | . . . . . 2 Rammed 9 | . 9 . . . . Targets Rammed 10 | . 10 . . . . Kicked . | . . . . . . Crushed 1 | . 1 . . . . Highest Temperature 144 | . 18 . . 144 135 Average Temperature 42 | . 10 . . 73 34 Received Heat Transfer 807 | . 183 . . 30 594 Siege Activations . | . . . . . . Robots Corrupted . | . . . . . . Combat Hostiles . | . . . . . . Parts Fried 1 | . . . . . 1 Impact Corruptions . | . . . . . . Robots Melted . | . . . . . . Combat Hostiles . | . . . . . . Parts Melted . | . . . . . . Heat Transferred 850 | . 800 . . . 50 Parts Sabotaged . | . . . . . . Parts Stolen . | . . . . . . Parts Stripped . | . . . . . . Power Chain Reactions 1 | . . . . . 1 Alert | -11 -10 -10 -10 -9 -8 ------- Run | Yrd Mat Min Exi Min Mat Peak Influence 269 | . 179 . . 70 269 Initial 27 | . . . . . 27 Average 84 | . 87 . . 63 128 Maximum Alert Level 1 | . . . . . 1 Low Security (%) 97 | 100 100 100 . 100 82 Level 1 2 | . . . . . 17 Level 2 . | . . . . . . Level 3 . | . . . . . . Level 4 . | . . . . . . Level 5 . | . . . . . . High Security . | . . . . . . Max Security . | . . . . . . Squads Dispatched 4 | . 1 . . . 3 Investigation 1 | . 1 . . . . Extermination . | . . . . . . Reinforcement 1 | . . . . . 1 Assault . | . . . . . . Garrison 2 | . . . . . 2 Intercept . | . . . . . . Searches Triggered . | . . . . . . Construction Impeded 1 | . . . . . 1 Haulers Reinforced . | . . . . . . Active Scanning Responses . | . . . . . . Cargo Convoy Interrupts . | . . . . . . Stealth | -11 -10 -10 -10 -9 -8 --------- Run | Yrd Mat Min Exi Min Mat Distress Signals 3 | . 1 . . . 2 Communications Jammed . | . . . . . . Distress Signals . | . . . . . . Times Spotted 43 | . 24 . . 3 16 Peak Tracking Total 5 | . 4 . . 3 5 Tactical Retreats . | . . . . . . Traps | -11 -10 -10 -10 -9 -8 ------- Run | Yrd Mat Min Exi Min Mat Traps Triggered 2 | . 2 . . . . Indirectly . | . . . . . . Trap Hack Attempts . | . . . . . . Triggered . | . . . . . . Disarmed . | . . . . . . Reprogrammed . | . . . . . . Reused . | . . . . . . Traps Extracted . | . . . . . . Installed . | . . . . . . Triggered . | . . . . . . Machines | -11 -10 -10 -10 -9 -8 ---------- Run | Yrd Mat Min Exi Min Mat Machines Disabled . | . . . . . . Max in Single Turn . | . . . . . . Machines Repaired . | . . . . . . Machines Dismantled . | . . . . . . Machines Sabotaged . | . . . . . . Overloaded Fab Kills . | . . . . . . Hacking | -11 -10 -10 -10 -9 -8 --------- Run | Yrd Mat Min Exi Min Mat Machines Accessed 7 | . 6 . 1 . . Terminals 5 | . 5 . . . . Fabricators . | . . . . . . Repair Stations 1 | . 1 . . . . Recycling Units . | . . . . . . Scanalyzers . | . . . . . . Garrison Access . | . . . . . . Total Hacks 23 | . 22 . 1 . . Successful 12 | . 11 . 1 . . Failed 11 | . 11 . . . . Catastrophic 2 | . 2 . . . . Database Lockouts . | . . . . . . Manual 15 | . 14 . 1 . . Terminals 20 | . 20 . . . . Fabricators . | . . . . . . Repair Stations 2 | . 2 . . . . Recycling Units . | . . . . . . Scanalyzers . | . . . . . . Garrison Access . | . . . . . . Terminal Hacks 3 | . 2 . 1 . . Prototype ID Bank 2 | . 2 . . . . Derelict Proto ID Bank 1 | . . . 1 . . Fabricator Hacks . | . . . . . . Repair Station Hacks 1 | . 1 . . . . Scan Component 1 | . 1 . . . . Recycling Unit Hacks . | . . . . . . Scanalyzer . | . . . . . . Garrison Access Hacks . | . . . . . . Unauthorized Hacks 8 | . 8 . . . . Terminals 8 | . 8 . . . . Botnet 3 | . 3 . . . . Skim 5 | . 5 . . . . Fabricators . | . . . . . . Repair Stations . | . . . . . . Recycling Units . | . . . . . . Scanalyzers . | . . . . . . Garrison Access . | . . . . . . Data Cores Recovered . | . . . . . . Used . | . . . . . . Hacking Detections 6 | . 6 . . . . Full Trace Events . | . . . . . . Feedback Events . | . . . . . . Feedback Blocked . | . . . . . . Robot Schematics Acquired . | . . . . . . Robots Built . | . . . . . . Authchips . | . . . . . . Time . | . . . . . . Total Robot Build Rating . | . . . . . . Part Schematics Acquired . | . . . . . . Parts Built . | . . . . . . Authchips . | . . . . . . Time . | . . . . . . Total Part Build Rating . | . . . . . . Parts Repaired . | . . . . . . Time . | . . . . . . Parts Recycled . | . . . . . . Recycled Matter . | . . . . . . Retrieved Matter . | . . . . . . Retrieved Components . | . . . . . . Parts Scanalyzed . | . . . . . . Part Schematics Acquired . | . . . . . . Parts Damaged . | . . . . . . Bothacking | -11 -10 -10 -10 -9 -8 ------------ Run | Yrd Mat Min Exi Min Mat Used RIF Installer . | . . . . . . Robots Hacked . | . . . . . . Non-combat . | . . . . . . Combat . | . . . . . . Robot Hacks Applied . | . . . . . . Relay Couplers Released . | . . . . . . Fabnet Peak Effective % . | . . . . . . Robots Rewired . | . . . . . . Allies Hacked . | . . . . . . Hacks Repelled . | . . . . . . Allies | -11 -10 -10 -10 -9 -8 -------- Run | Yrd Mat Min Exi Min Mat Total Allies . | . . . . . . Largest Group . | . . . . . . Highest-Rated Group . | . . . . . . Highest-Rated Ally . | . . . . . . Total Orders . | . . . . . . Ally Attacks . | . . . . . . Total Damage . | . . . . . . Kills . | . . . . . . Allies Corrupted . | . . . . . . Allies Melted . | . . . . . . Intel | -11 -10 -10 -10 -9 -8 ------- Run | Yrd Mat Min Exi Min Mat Robot Analysis Total . | . . . . . . Derelict Logs Recovered 3 | . . . . 3 . Drone Launches . | . . . . . . Drone Recoveries . | . . . . . . Exploration | -11 -10 -10 -10 -9 -8 ------------- Run | Yrd Mat Min Exi Min Mat Turns Passed 2778 | 67 1602 128 333 266 382 Spaces Moved 1249 | 48 654 80 208 148 111 Core 21 | 20 . . . . 1 Treads 1228 | 28 654 80 208 148 110 Legs . | . . . . . . Wheels . | . . . . . . Hover . | . . . . . . Flight . | . . . . . . Fastest Speed 50 | 50 160 160 160 160 160 Average Speed 158 | 114 160 160 160 160 166 Slowest Speed 700 | 160 160 160 160 160 700 Overloaded Moves . | . . . . . . Propulsion Burnouts . | . . . . . . Robots Hopped . | . . . . . . Cave-ins Triggered . | . . . . . . Exploration Rate (%) 38 | 3 96 21 61 37 12 Regions Visited 5 Branch Regions 3 Pre-discovered Areas 2 | . 1 . . 1 . Known Exits Taken 3 | . 1 1 . 1 . Unknown Exits Taken 2 | 1 . . 1 . . Scrap Searched 3 | . . 1 . 2 . Spaces Dug 5 | . . . . . 5 Terrain Destroyed 20 | . . . . . 20 Melee . | . . . . . . Projectile . | . . . . . . AOE 20 | . . . . . 20 Terrain Rammed 18 | . . . . . 18 Walls Destroyed . | . . . . . . Machines Disabled . | . . . . . . Actions | -11 -10 -10 -10 -9 -8 --------- Run | Yrd Mat Min Exi Min Mat Total 1806 | 58 1114 80 209 159 186 Wait 385 | . 381 . . . 4 Move 1244 | 47 653 79 207 147 111 Hop . | . . . . . . Pick Up 21 | 5 12 1 1 . 2 Fast Attach 11 | 4 4 . . 1 2 Attach 11 | 2 4 . . . 5 Detach 1 | . 1 . . . . Swap 12 | . 2 . . 1 9 Drop 7 | . 2 . 1 1 3 Fire 86 | . 45 . . 9 32 Melee . | . . . . . . Ram 18 | . . . . . 18 Kick . | . . . . . . Crush 10 | . 10 . . . . Escape Stasis . | . . . . . . Rewire . | . . . . . . Trap . | . . . . . . Miscellaneous . | . . . . . . Route ------- -11/Scrapyard -10/Materials (discovered 5 exits: *Mat x3 / *Min x2) -10/Mines (discovered 4 exits: Mat x2 / *Exi / Sub) -10/Exiles -9/Mines (discovered 2 exits: *Mat x2) -8/Materials History --------- Turn | Location | Event 20 | -11/Scrapyard | Discovered new exit (range 16) 68 | -11/Scrapyard | Entered Materials 127 | -10/Materials | Discovered new exit (range 7) 185 | -10/Materials | Met 8R-AWN 331 | -10/Materials | Build established: Mutant 350 | -10/Materials | Discovered new exit (range 13) 596 | -10/Materials | Discovered new exit (range 8) 960 | -10/Materials | Discovered new exit (range 15) 1110 | -10/Materials | Discovered new exit (range 15) 1141 | -10/Materials | Learned location of 2 exits from Mines 1217 | -10/Materials | Identified exit to Mines 1217 | -10/Materials | Identified exit to Materials 1281 | -10/Materials | Learned location of Mines (-9) 1337 | -10/Materials | Learned 4 Recycling zone layouts 1385 | -10/Materials | Learned location of 2 exits from Mines 1489 | -10/Materials | Learned location of 2 exits from Subcaves 1539 | -10/Materials | Learned location of 2 exits from Mines 1663 | -10/Materials | Learned Storage stockpile data 1670 | -10/Materials | Entered Mines 1671 | -10/Mines | YI-UF0 nonchalantly dropped a Grenade Launcher on the ground 1671 | -10/Mines | Identified exit to Exiles 1671 | -10/Mines | Identified exit to Subcaves 1672 | -10/Mines | Followed 8R-AWN into the Mines 1798 | -10/Mines | Entered Exiles 1837 | -10/Exiles | Welcomed by 8R-AWN 1865 | -10/Exiles | Met EX-HEX 1909 | -10/Exiles | Met EX-BIN 1929 | -10/Exiles | Aligned with FarCom system 1930 | -10/Exiles | Given EX-Vault access code 1969 | -10/Exiles | Opened EX-Vault 1981 | -10/Exiles | Found YOLO Cannon 2014 | -10/Exiles | Warned to stay clear of 0b10 Research branches 2058 | -10/Exiles | Met EX-DEC 2117 | -10/Exiles | Discovered new exit (range 11) 2131 | -10/Exiles | Left Exiles lab with YOLO Cannon 2131 | -10/Exiles | Entered Mines 2132 | -9/Mines | Identified exit to Materials 2389 | -9/Mines | Learned location of Storage (-9) 2397 | -9/Mines | Entered Materials 2397 | -8/Materials | Evolved 4 slots: Propulsion x1, Utility x2, Weapon x1 2655 | -8/Materials | Garrison activated, responded to threat 2717 | -8/Materials | System corruption reached 10% 2765 | -8/Materials | Core integrity fell below 50% 2774 | -8/Materials | Core integrity fell below 20% 2779 | -8/Materials | Destroyed by G-47 Trooper with Particle Gun Last Messages --------------- 02759_ U-05 Engineer builds a Wall. 02759_ U-05 Engineer lays Concrete. 02760_ U-05 Engineer builds a Wall. 02761_ U-05 Engineer lays Concrete. 02764_ Slammed into Earth. 02764_ Destabilizing: Core damaged (-22). 02764_ Destabilizing: Core damaged (-5). 02764_ U-05 Engineer lays Concrete. 02766_ U-05 Engineer builds a Wall. 02766_ U-05 Engineer lays Concrete. 02766_ U-05 Engineer builds a Wall. 02768_ System corrupted: Matter fused (-8). 02769_ U-05 Engineer builds a Wall. 02771_ Slammed into Earth. 02773_ U-05 Engineer lays Concrete. 02773_ U-05 Engineer builds a Wall. 02774_ U-05 Engineer lays Concrete. 02774_ S-10 Pest destroyed. 02778_ Slammed into Earth. 02778_ Destabilizing: System corrupted (+1). Map ----- +----------------------------------------------------+ | ??????????????????????????????????#""" # #??? | | ??????????????????????????????????# # #??? | | ??????????????????????????????????#########% #??? | | ???????????????????????????????????# # #??? | | ???????????????????????????????????#""" + #??? | | ???????????????????????????????????#""" # #??? | | ???????????????????????????????????#""" # #??? | | ???????????????????????????????????#""" # *=#??? | | ???????????????????????????????????# [# =%#??? | | ???????????????????????????????????######## #??? | | ??????????????????????????????????????????# #??? | | ???????????????????????????????????######## #??? | | ???????????????????????????????????# # #??? | | ???????????????????????????????????# # #??? | | ???????????????????????????????????# * # #??? | | ???????????????????????????????????# # #??? | | ???????????????????????????????????# # #??? | | ???????????????????????????????????# # #?? | | ???????????????????????????##############+# ### | | ???????????????????????????# | | ???????????????????#???????# !! | | ???????????????????# ??????# ] ! | | ???????????????????# ?????# ############ =#### | | ???????????????????# ????# #??????????# =%#??? | | ??????????????????## ##### #??????????# ]%#??? | | ??????????????????# = #@## #??????????# % ?? | | ??????????????????# =*| a #??????????# ###? | | ??????????????????+ !%s! #??????????# #??? | | ??????????????????# ugggu #?????????? ??? | | ??????????????????# %########?????????# #?? | | ??????????????????## ###?????????????+ #?? | | ??????????????????## = # ??????????????? # #?? | | ??????????????????## [ ##??????????????? # #?? | | ?????????????????### * #??????????????? ?## ##?? | | ???????????????? %= ????????????????#??# #??? | | ?????????????? ???????????????????# #??? | | ????????????? ??????????????????? %+??? | | ????????????###### ###????????????????????# #??? | | ???????????????### ##?????????????????????# ???? | | ?????????????????# ???????????????????????# ???? | | ?????????????????#???????????????????????? ???? | | ?????????????????????????????????????????? ???? | | ?????????????????????????????????????????? ???? | | ??????????????????????????????????????????? ???? | | ?????????????????????????????????????????????????? | | ?????????????????????????????????????????????????? | | ?????????????????????????????????????????????????? | | ?????????????????????????????????????????????????? | | ?????????????????????????????????????????????????? | | ?????????????????????????????????????????????????? | +----------------------------------------------------+ Best States ------------- Heat Dissipation 41 Energy Generation 10 Energy Capacity 250 Matter Stores 300 Matter Capacity 300 Sight Range 20 Terrain Scan Density 10 Armor Coverage 225 Evasion (%) 50 Recoil Reduction 3 Item Schematics ----------------- None Robot Schematics ------------------ None Fabricated ------------ Nothing Alien Tech Used ----------------- None Achievements -------------- None Challenges ------------ None Game ------ Seed NeutronGodFemtoactuators Manual? 0 Play Time 00:19:00 Cumulative 67.0 hours Start 2024.12.05 @ 18:32:23 End 2024.12.05 @ 18:48:52 Sessions 1 Manual Loads 0 Difficulty Rogue Special Mode None Game No. 64 Rogue 64 Adventurer 0 Explorer 0 Win Type - Total 2 Types 2/0/0/0/0/0/0/0/0 Lore% 32 Gallery% 44 Achievement% 44 Wizard Run 0 Options --------- Layout 1 ASCII 0 Keyboard 0 Movement Arrows Keybinds 0 Fullscreen 1 Font 24/Smallcaps Map View 50x35 Zoom Use 0% Tactical HUD 1 Map Filters NONE Filters NONE Steam 1 RUN: fc1b26d6-2a13-46ac-9834-476a2175847e